 Dungeon Crawl Stone Soup version 0.21-a0-286-g6fcecc0 (webtiles) character file.

2943 skrub the Cleaver (level 9, -11/79 HPs)
             Began as a Minotaur Berserker on Sept 27, 2017.
             Was an Elder of Trog.
             Killed from afar by an electric eel (13 damage)
             ... with a bolt of electricity
             ... on level 7 of the Dungeon.
             The game lasted 00:49:12 (6861 turns).

skrub the Cleaver (Minotaur Berserker)              Turns: 6861, Time: 00:49:12

Health: -11/79     AC: 14    Str: 29    XL:     9   Next: 51%
Magic:  8/8        EV: 10    Int:  4    God:    Trog [****..]
Gold:   284        SH:  0    Dex: 10    Spells: 8/8 levels left

rFire    . . .     SeeInvis .   h - +5 battleaxe "Fezinte" {drain, Str+4}
rCold    + . .     Gourm    .   (shield currently unavailable)
rNeg     . . .     Faith    .   I - +0 plate armour
rPois    .         Spirit   .   (helmet restricted)
rElec    .         Reflect  .   (no cloak)
rCorr    +         Harm     .   (no gloves)
MR       .....                  (no boots)
Stlth    ..........             (no amulet)
HPRegen  0.23/turn              r - ring of resist corrosion
MPRegen  0.11/turn              b - ring of protection from cold

@: no status effects
A: retaliatory headbutt, horns 2
a: Berserk, Trog's Hand, Brothers in Arms, Burn Spellbooks, Renounce Religion


You were on level 7 of the Dungeon.
You worshipped Trog.
Trog was greatly pleased with you.
You were not hungry.

You visited 1 branch of the dungeon, and saw 7 of its levels.
You also visited: Sewer.

You collected 284 gold pieces.

Inventory:

Hand Weapons
 h - the +5 battleaxe "Fezinte" (weapon) {drain, Str+4}
   (You found it on level 7 of the Dungeon)

   A truly terrible weapon, it drains the life of those it strikes.
   It affects your strength (+4).
 s - a +2 whip of freezing
 v - a +0 hand axe
 F - a +2 quarterstaff of chaos
 L - a cursed -3 dagger
 X - a +4 shortbow
Missiles
 A - 2 tomahawks (quivered)
 R - 44 arrows
 S - 41 bolts
Armour
 f - a +0 ring mail
 k - a +0 chain mail
 n - a +0 leather armour
 x - a +2 robe of fire resistance
 E - a +0 buckler
 G - a +1 cloak of poison resistance
 I - a +0 plate armour (worn)
Jewellery
 b - a ring of protection from cold (right hand)
 r - a ring of resist corrosion (left hand)
 M - an uncursed ring of magical power
Wands
 i - a wand of lightning (9/15)
 m - a wand of random effects (29/48)
 y - a wand of polymorph (0/24)
 H - a wand of acid (5/15)
 O - a wand of confusion (14/48)
 U - a wand of acid (6/15)
Scrolls
 a - 3 scrolls of holy word {unknown}
 g - 7 scrolls of identify
 u - 6 scrolls of remove curse
 C - a scroll of recharging {unknown}
 K - 3 scrolls of teleportation
 P - 2 scrolls of magic mapping
 T - 2 scrolls of enchant weapon {unknown}
 V - a scroll of fear {unknown}
 W - a scroll of brand weapon {unknown}
Potions
 d - 2 potions of magic {unknown}
 e - 2 potions of lignification
 j - 2 potions of heal wounds
 p - a potion of mutation {unknown}
 z - 3 potions of resistance
 D - 2 potions of curing
 J - 5 potions of flight
 N - 2 potions of might {unknown}
Books
 Q - a Young Poisoner's Handbook

   Spells                             Type                      Level
   a - Sting                          Conjuration/Poison           1
   b - Poisonous Vapours              Poison/Air                   2
   c - Mephitic Cloud                 Conjuration/Poison/Air       3
   d - Olgreb's Toxic Radiance        Poison                       4
   e - Venom Bolt                     Conjuration/Poison           5
   Trog disapproves of the use of such an item.
Comestibles
 c - 2 bread rations
 Y - a royal jelly


   Skills:
 + Level 7.1 Fighting
 + Level 10.5 Axes
 + Level 0.4 Throwing
 + Level 9.2 Armour
 + Level 4.9 Dodging
 + Level 1.1 Stealth
 + Level 1.9 Shields
 + Level 0.2 Unarmed Combat


You had 8 spell levels left.
You didn't know any spells.

Dungeon Overview and Level Annotations

Branches:
Dungeon (7/15)             Temple (0/1) D:5

Altars:
Qazlal
The Shining One

Shops:
D:6 *:*(


Innate Abilities, Weirdness & Mutations

You reflexively headbutt those who attack you in melee.
You have a pair of horns on your head.


Message History

The bolt of electricity misses you. The bolt of electricity hits you!
Items here: ( ))) [[ †† The electric eel shoots out a bolt of lightning at you!
The bolt of electricity hits you!
* * * LOW HITPOINT WARNING * * *
The electric eel shoots out a bolt of lightning at you!
The bolt of electricity hits you!
* * * LOW HITPOINT WARNING * * *
The electric eel shoots out a bolt of lightning at you!
The bolt of electricity hits you!
* * * LOW HITPOINT WARNING * * *
You see here a tomahawk.
The electric eel shoots out a bolt of lightning at you!
The bolt of electricity hits you!
* * * LOW HITPOINT WARNING * * *
There is a stone staircase leading down here.
You see here 2 tomahawks.
The electric eel shoots out a bolt of lightning at you!
The bolt of electricity hits you!
You die...

....#
#.###.###.###..#
#..##...............
#..............##..
##..#..........# .
#.##..........####
#.##..........#...
#.##..........#...
##.##..............
#>@##..............
#(#######.######...
#.# #.# #..( #.# #.#
.... ##)##### #..
.... #..)...# #.
.... #......... ...
≈≈≈;≈...### .>
#####≈≈..# ..


You could see an electric eel.

Vanquished Creatures
  A two-headed ogre (D:6)
  Pikel (D:4)
  A water moccasin (D:6)
  An orc warrior (D:6)
  A sky beast (D:6)
  2 slaves (D:4)
  3 ogres
  A phantom (D:5)
  A centaur (D:6)
  3 scorpions
  A water moccasin skeleton (D:5)
  5 wights (D:6)
  A bullfrog skeleton (D:5)
  3 hounds
  3 orc priests
  Crazy Yiuf (D:4)
  4 orc wizards
  Natasha (thrice) (D:2)
  A merfolk siren (Sewer)
  A merfolk avatar (Sewer)
  A hound skeleton (D:4)
  A worker ant zombie (D:7)
  13 adders
  A river rat (Sewer)
  A shadow imp (D:5)
  An adder zombie (D:6)
  2 worms
  A dart slug (D:1)
  6 leopard geckos
  16 orcs
  9 giant cockroaches
  8 hobgoblins
  7 jackals
  3 quokkas
  5 ball pythons
  7 bats
  5 frilled lizards
  4 goblins
  7 kobolds
  A leopard gecko skeleton (D:5)
  A quokka zombie (D:7)
  26 rats
164 creatures vanquished.

Vanquished Creatures (others)
  An adder skeleton (D:4)
  A dart slug (D:4)
  4 orcs (D:7)
6 creatures vanquished.

Grand Total: 170 creatures vanquished

Notes
Turn   | Place    | Note
-------+----------+-------------------------------------------
     0 | D:1      | skrub the Minotaur Berserker began the quest for the Orb.
     0 | D:1      | Reached XP level 1. HP: 19/19 MP: 0/0
   413 | D:1      | Reached XP level 2. HP: 27/27 MP: 1/1
   578 | D:1      | Reached skill level 4 in Axes
  1093 | D:2      | Reached XP level 3. HP: 26/33 MP: 2/2
  1094 | D:2      | Reached ** piety under Trog
  1143 | D:2      | Noticed Natasha
  1147 | D:2      | Killed Natasha
  1147 | D:2      | Reached skill level 5 in Axes
  1302 | D:2      | Noticed a scorpion
  1311 | D:2      | Killed a scorpion
  1311 | D:2      | Reached XP level 4. HP: 37/40 MP: 3/3
  1427 | D:2      | Noticed Natasha
  1441 | D:2      | Killed Natasha
  1441 | D:2      | Reached XP level 5. HP: 15/46 MP: 4/4
  1580 | D:2      | Noticed Natasha
  1589 | D:2      | Killed Natasha
  2119 | D:3      | Reached skill level 6 in Axes
  2393 | D:4      | Found a runed door.
  2406 | D:4      | Noticed a slave
  2408 | D:4      | Noticed Pikel
  2411 | D:4      | Noticed a slave
  2411 | D:4      | Noticed a slave
  2412 | D:4      | Noticed a slave
  2417 | D:4      | Killed a slave
  2424 | D:4      | Killed a slave
  2453 | D:4      | Killed Pikel
  2453 | D:4      | Reached *** piety under Trog
  2453 | D:4      | Reached skill level 5 in Fighting
  2453 | D:4      | Reached skill level 7 in Axes
  2453 | D:4      | Reached XP level 6. HP: 28/56 MP: 5/5
  2453 | D:4      | Reached XP level 7. HP: 31/61 MP: 6/6
  2790 | D:4      | Reached skill level 5 in Armour
  2986 | D:4      | Noticed Crazy Yiuf
  2992 | D:4      | Killed Crazy Yiuf
  2992 | D:4      | Reached skill level 1 in Stealth
  3026 | D:5      | Entered Level 5 of the Dungeon
  3277 | D:5      | Found a glowing drain.
  3324 | Sewer    | Entered a sewer
  3584 | Sewer    | Reached **** piety under Trog
  3922 | D:5      | Found a glowing golden altar of the Shining One.
  3933 | D:5      | Reached skill level 8 in Axes
  3933 | D:5      | Reached XP level 8. HP: 45/69 MP: 7/7
  4185 | D:5      | Found a staircase to the Ecumenical Temple.
  4520 | D:6      | Noticed a two-headed ogre
  4538 | D:6      | Killed a two-headed ogre
  4538 | D:6      | Reached skill level 9 in Axes
  4538 | D:6      | Reached skill level 1 in Shields
  4910 | D:6      | Found Onetzid's General Store.
  4921 | D:6      | Reached XP level 9. HP: 55/78 MP: 8/8
  5294 | D:6      | Found Zeonkea's General Store.
  5746 | D:6      | Reached skill level 10 in Axes
  6029 | D:6      | Found Viuw's Antique Weapon Shoppe.
  6146 | D:6      | Found a stormy altar of Qazlal.
  6236 | D:6      | Found Coesog's Book Shop.
  6803 | D:7      | Got a crude battleaxe
  6816 | D:7      | Identified the +5 battleaxe "Fezinte" {drain, Str+4} (You found it on level 7 of the Dungeon)
  6860 | D:7      | HP: 2/79 [electric eel/bolt of electricity (8)]
  6861 | D:7      | Killed from afar by an electric eel

Vault maps used:
D:1:      matt_arrival_spirals, minmay_misc_feat_alley, minmay_statues_item
D:2:      first_bread, uniq_natasha
D:4:      uniq_crazy_yiuf_cottage, uniq_pikel
D:5:      overflow_temple_1_default, minmay_temple_entry_trees,
          gup_sewer_entry_glass
D:6:      serial_shops, shop, nicolae_shop_behind_doors, nicolae_shop_stone,
          kennysheep_mini, serial_glass, glass_columns_a, glass_columns_b,
          nicolae_qazlal_eye_of_the_storm
D:7:      the_bakery, water_maze_lemuel
Sewer:    sewer_sea

Skill      XL: |  1  2  3  4  5  6  7  8  9 |
---------------+----------------------------+-----
Axes           | 4 5 7 8 9 10 | 10.5
Fighting       | 4 5 6 7 |  7.1
Armour         | 3 4 5 7 9 |  9.2
Dodging        | 3 4 |  4.9
Stealth        | 1 |  1.1
Shields        | 1 |  1.9
Throwing       | |  0.4
Unarmed Combat | |  0.2

Action                   |  1- 3 |  4- 6 |  7- 9 || total
-------------------------+-------+-------+-------++-------
Melee: Hand axe          |    57 |    82 |   380 ||   519
       Headbutt          |    14 |     7 |    66 ||    87
       Unarmed           |       |     1 |       ||     1
Throw: Tomahawk          |       |       |     2 ||     2
Invok: Berserk           |       |     2 |     3 ||     5
       Trog's Hand       |       |       |     1 ||     1
  Use: Scroll            |     2 |     4 |       ||     6
       Potion            |       |     1 |       ||     1
  Eat: Chunk             |     1 |     4 |     5 ||    10
       Bread ration      |       |     1 |     1 ||     2
       Meat ration       |       |       |     1 ||     1
Armor: Animal skin       |     4 |       |       ||     4
       Leather armour    |    21 |     9 |       ||    30
       Skin              |       |    14 |       ||    14
       Ring mail         |       |     9 |     9 ||    18
       Plate armour      |       |       |   172 ||   172
       Chain mail        |       |       |    17 ||    17
Dodge: Dodged            |    48 |    44 |   138 ||   230
Block: Buckler           |       |       |    28 ||    28

Table legend:
 A = Spawn XP
 B = Non-spawn XP
 C = Spawn XP percentage of total XP
 D = Spawn monster count
 E = Non-spawn monster count
 F = Spawn count percentage of total count
 G = Total turns spent on level
                    A         B        C        D         E        F      G
               +---------+---------+-------+---------+---------+-------+---------
         Total |       0 |    4205 |   0.0 |       0 |     162 |   0.0 |  6861
               +---------+---------+-------+---------+---------+-------+---------
           D:1 |       0 |      35 |   0.0 |       0 |      21 |   0.0 |  1108
           D:2 |       0 |     221 |   0.0 |       0 |      16 |   0.0 |   741
           D:3 |       0 |      38 |   0.0 |       0 |      19 |   0.0 |   456
           D:4 |       0 |     750 |   0.0 |       0 |      13 |   0.0 |   721
           D:5 |       0 |     522 |   0.0 |       0 |      21 |   0.0 |  1046
           D:6 |       0 |    2030 |   0.0 |       0 |      24 |   0.0 |  1854
           D:7 |       0 |     466 |   0.0 |       0 |      11 |   0.0 |   487
         Sewer |       0 |     143 |   0.0 |       0 |      37 |   0.0 |   448
               +---------+---------+-------+---------+---------+-------+---------
